 Dungeon Crawl Stone Soup version 0.28.0 (webtiles) character file.

Game seed: 14287687744408386217

47 SnakkuSnakku7 the Skirmisher (level 3, 0/29 HPs)
             Began as a Merfolk Fire Elementalist on Feb 7, 2022.
             Killed from afar by an orc wizard (10 damage)
             ... with a magic dart
             ... on level 3 of the Dungeon.
             The game lasted 00:02:53 (2398 turns).

SnakkuSnakku7 the Skirmisher (MfFE)                 Turns: 2398, Time: 00:02:53

Health: 0/29       AC:  2    Str: 10    XL:     3   Next: 70%
Magic:  2/6        EV: 12    Int: 14    God:
Gold:   114        SH:  0    Dex: 14    Spells: 5/6 levels left

rFire   . . .      SeeInvis .   n - +0 falchion
rCold   . . .      Faith    .   (no shield)
rNeg    . . .      Spirit   .   a - +0 robe
rPois   .          Reflect  .   (no helmet)
rElec   .          Harm     .   (no cloak)
rCorr   .          Rampage  .   (no gloves)
Will    .....                   (no boots)
Stlth   ++........              (no amulet)
HPRegen 0.09/turn               (no ring)
MPRegen 0.10/turn               (no ring)

@: no status effects
A: (nimble swimmer 2), mertail
a: no special abilities


You were on level 3 of the Dungeon.
You visited 1 branch of the dungeon, and saw 3 of its levels.

You collected 114 gold pieces.

Inventory:

Hand Weapons
 c - a +0 club
 k - a +0 whip
 n - a +0 falchion (weapon)
Missiles
 f - a throwing net
 s - 3 poisoned darts
Armour
 a - a +0 robe (worn)
Wands
 l - a wand of digging (2)
 q - a wand of mindburst (9)
Scrolls
 b - a scroll of vulnerability {unknown}
 g - a scroll of fog {unknown}
 h - a scroll of silence {unknown}
 j - a scroll of fear {unknown}
 m - a scroll of teleportation {unknown}
 r - a scroll of identify {unknown}
Potions
 d - a potion of flight {unknown}
 e - a potion of berserk rage {unknown}
 i - a potion of haste {unknown}
 o - a potion of attraction {unknown}
 p - a potion of degeneration {unknown}


   Skills:
 - Level 3.5 Fighting
 + Level 0.2 Throwing
 - Level 2.6 Dodging
 - Level 2.1 Stealth
 - Level 2.0 Spellcasting
 - Level 0.7 Conjurations
 - Level 2.1 Fire Magic


You had 5 spell levels left.
You knew the following spells:

 Your Spells              Type           Power      Damage    Failure   Level
a - Foxfire               Conj/Fire      20%        2x1d5     13%         1

Your spell library contained the following spells:

 Spells                   Type           Power      Damage    Failure   Level
 Scorch                   Fire           14%        2d5       14%         2
 Conjure Flame            Conj/Fire      5%         6-21      36%         3
 Inner Flame              Hex/Fire       4%         N/A       41%         3
 Flame Wave               Conj/Fire      5%         2d5       78%         4


Dungeon Overview and Level Annotations

Branches:
Dungeon (3/15)

Altars:
Gozag
Beogh


Innate Abilities, Weirdness & Mutations

((You are very nimble when in or above water. (Stealth+, EV+, Speed+++)))
Your lower body shifts to a powerful aquatic tail in water.


Message History

Magic restored.
You see here 8 gold pieces.
Casting: Foxfire (safe; 13% risk of failure)
Confirm with . or Enter, or press ? or * to list all spells.
You conjure some foxfire!
The orc wizard shouts!
Casting: Foxfire (safe; 13% risk of failure)
Confirm with . or Enter, or press ? or * to list all spells.
You conjure some foxfire!
An orc priest comes into view. It is wielding a +0 whip.
Casting: Foxfire (safe; 13% risk of failure)
Confirm with . or Enter, or press ? or * to list all spells.
You conjure some foxfire!
The foxfire hits the orc wizard.
The orc wizard is moderately wounded.
The foxfire hits the orc wizard but does no damage.
The orc wizard is moderately wounded.
The foxfire hits the orc wizard.
The orc wizard is heavily wounded.
Your foxfire dissipates!
Casting: Foxfire (safe; 13% risk of failure)
Confirm with . or Enter, or press ? or * to list all spells.
You conjure some foxfire!
The orc wizard casts a spell.
The orc wizard flickers and vanishes!
Deactivating autopickup; reactivate with Ctrl-A.
Your foxfire dissipates!
The foxfire hits something.
A puff of flame appears from out of thin air!
The puff of flame hits you!
Casting: Foxfire (safe; 13% risk of failure)
Press: ? - help, Q - select action, (/) - cycle Dir - look around, f - activate You conjure some foxfire!
Your foxfire dissipates!
The foxfire hits something.
The orc priest mumbles some strange prayers to Beogh against you.
Beogh smites you!
The orc priest begins to cast a cantrip, but forgets the words!
A magic dart appears from out of thin air!
The magic dart hits you!
You die...

############
#.@........#
#.########.#
#.#......#.####
#.#.####.#....#
#.#.#<.#.####.#
#{#.#.##.# #.#
#.#.#....# #)#
#.#.#########.#
#o#...........#


There were no monsters in sight!

Vanquished Creatures
  An adder (D:1)
  5 orcs
  3 ball pythons (D:2)
  4 endoplasms
  A giant cockroach (D:1)
  3 goblins
  A hobgoblin (D:1)
  2 bats (D:1)
  2 frilled lizards (D:1)
  4 kobolds
  4 rats
30 creatures vanquished.

Vanquished Creatures (others)
  62 foxfires
62 creatures vanquished.

Grand Total: 92 creatures vanquished

Notes
Turn   | Place    | Note
-------+----------+-------------------------------------------
     0 | D:1      | SnakkuSnakku7 the Merfolk Fire Elementalist began the quest
                  | for the Orb.
     0 | D:1      | Reached XP level 1. HP: 13/13 MP: 3/3
   122 | D:1      | Reached skill level 1 in Fighting
   473 | D:1      | Reached XP level 2. HP: 22/22 MP: 1/5
   507 | D:1      | Reached skill level 2 in Fighting
   845 | D:1      | Reached XP level 3. HP: 16/28 MP: 1/6
  1026 | D:2      | Found an opulent altar of Gozag.
  1082 | D:2      | Reached skill level 3 in Fighting
  1573 | D:2      | Found a faded altar of an unknown god.
  2398 | D:3      | Killed from afar by an orc wizard

Illustrated notes

Levels and vault maps discovered:
D:1:      dpeg_arrival_lava_temple_mockup, layout_basic, minmay_pentomino_p2
D:2:      layout_rooms, basic_altar, hellmonk_ecumenical_altar_defaced_shrine
D:3:      layout_basic

Skill      XL: |  1  2  3 |
---------------+----------+-----
Fighting       | 1 2 3 |  3.5
Throwing       | |  0.2
Dodging        | |  2.6
Stealth        | |  2.1
Spellcasting   | |  2.0
Conjurations   | |  0.7
Fire Magic     | |  2.1

Action                   || total
-------------------------++-------
Melee: Club              ||    22
       Unarmed           ||     2
       Falchion          ||    23
       Whip              ||     9
 Cast: Foxfire           ||    41
 Stab: Sleeping          ||     2
Armor: Robe              ||    14
Dodge: Dodged            ||    53
